 Dungeon Crawl Stone Soup version 0.30-a0-777-ga9a30cbeda (webtiles) character file.

Game seed: 7114152481396230758

187 NotreDorf the Poker (level 5, -4/41 HPs)
             Began as a Merfolk Reaver on Feb 14, 2023.
             Was an Initiate of Sif Muna.
             Slain by Edmund
             ... wielding a +0 flail of protection
              (6 damage)
             ... on level 4 of the Dungeon.
             The game lasted 00:10:14 (3017 turns).

NotreDorf the Poker (Merfolk Reaver)                Turns: 3017, Time: 00:10:15

Health: -4/41      AC:  3    Str: 12    XL:     5   Next: 66%
Magic:  5/9        EV: 13    Int: 12    God:    Sif Muna [......]
Gold:   149        SH:  0    Dex: 15    Spells: 3/9 levels left

rFire   . . .      SeeInvis .    a - +0 spear
rCold   . . .      Faith    .    (no shield)
rNeg    . . .      Spirit   .    b - +0 leather armour
rPois   .          Reflect  .    (no helmet)
rElec   .          Harm     .    (no cloak)
rCorr   .          Rampage  .    (no gloves)
Will    .....                    (no boots)
Stlth   +                        e - amulet of the acrobat
HPRegen 0.26/turn                (no ring)
MPRegen 0.11/turn                (no ring)

@: very slightly contaminated
A: (nimble swimmer 2), mertail
a: Renounce Religion


You were on level 4 of the Dungeon.
You worshipped Sif Muna.
Sif Muna was noncommittal.
You visited 1 branch of the dungeon, and saw 4 of its levels.

You collected 149 gold pieces.

Inventory:

Hand Weapons
 a - a +0 spear (weapon)
 j - a +2 dagger of speed
Armour
 b - a +0 leather armour (worn)
Jewellery
 e - an amulet of the acrobat (around neck)
Scrolls
 c - 4 scrolls of identify {unknown}
 f - a scroll of blinking {unknown}
 g - a scroll of teleportation {unknown}
 h - a scroll of poison {unknown}
 l - a scroll of magic mapping {unknown}
 m - a scroll of noise {unknown}
 p - a scroll of torment {unknown}
Potions
 d - 3 potions of degeneration {unknown}
 i - a potion of magic {unknown}
 k - a potion of mutation {unknown}
 n - 2 potions of berserk rage {unknown}
 o - 2 potions of haste {unknown}


   Skills:
 + Level 3.4 Fighting
 + Level 5.1 Polearms
 + Level 4.1 Dodging
 + Level 2.8 Spellcasting
 - Level 3.1 Conjurations
 + Level 0.0 Ice Magic


You had 3 spell levels left.
You knew the following spells:

 Your Spells              Type           Power      Damage    Failure   Level
a - Kiss of Death         Conj/Necr      20%        2d7       17%         1
b - Momentum Strike       Conj/Tloc      10%        3d8       26%         2
c - Hailstorm             Conj/Ice       5%         3d4       45%         3

Your spell library contained the following spells:

 Spells                   Type           Power      Damage    Failure   Level
 Summon Forest            Summ/Tloc      0%         N/A       100%        5
 Eringya's Noxious Bog    Tmut/Pois      0%         N/A       100%        6
 Malign Gateway           Summ/Tloc      0%         N/A       100%        7
 Summon Hydra             Summ           0%         N/A       100%        7
 Summon Horrible Things   Summ           0%         N/A       100%        8


Dungeon Overview and Level Annotations

Branches:
Dungeon (4/15)
 Temple: D:4-7

Altars:
Qazlal
Sif Muna

Annotations:
D:3 1 runed translucent door, Crazy Yiuf
D:4 Edmund


Innate Abilities, Weirdness & Mutations

((You are very nimble when in or above water. (Stealth+, EV+, Speed+++)))
Your lower body shifts to a powerful aquatic tail in water.


Message History

Edmund hits you with a +0 flail of protection!
You hit Edmund but do no damage. Your punch misses Edmund.
Edmund is lightly wounded.
Edmund completely misses you.
You hit Edmund.
Edmund is lightly wounded.
You closely miss Edmund.
Edmund is lightly wounded.
Edmund misses you.
You hit Edmund but do no damage.
Edmund is lightly wounded.
Edmund barely misses you.
Casting: Momentum Strike (dangerous; 26% risk of failure)
Confirm with . or Enter, or press ? or * to list all spells.
Aiming: Momentum Strike (dangerous; 26% risk of failure)
Press: ? - help, Dir - move target, f/p - Edmund
Aim: Edmund, wielding a +0 flail of protection and wearing a +0 ring mail (lightly wounded, 72% to hit)
You miscast Momentum Strike.
You are very lightly contaminated with residual magic.
Nothing appears to happen.
Edmund hits you with a +0 flail of protection!
Casting: Momentum Strike (dangerous; 26% risk of failure)
Confirm with . or Enter, or press ? or * to list all spells.
Aiming: Momentum Strike (dangerous; 26% risk of failure)
Press: ? - help, Dir - move target, f/p - Edmund
Aim: Edmund, wielding a +0 flail of protection and wearing a +0 ring mail (lightly wounded, 72% to hit)
The concentrated momentum misses Edmund.
Edmund hits you with a +0 flail of protection!
You hit Edmund but do no damage.
Edmund is lightly wounded.
Edmund barely misses you.
You hit Edmund but do no damage.
Edmund is lightly wounded.
Edmund says, "People accused me of being a cutpurse!"
Edmund hits you with a +0 flail of protection!
* * * LOW HITPOINT WARNING * * *
You barely miss Edmund.
Edmund is lightly wounded.
Edmund hits you with a +0 flail of protection.
You die...

..# #.# #.# #.# ####.#
#.# ....# #.#
#..#######.#######
#..##......<).....
#................#
#.)....###.#####.#
#@.##.)# #.#
#.....@.###..###.#
.......(###...##.###.###
###..##..........^......
.... ######..##########
###. #..# . #..# .. ...#
###.#


You could see Edmund.

Vanquished Creatures
  An ogre (D:4)
  An adder (D:2)
  2 worms (D:3)
  2 dart slugs (D:2)
  4 orcs (D:3)
  5 endoplasms
  4 giant cockroaches
  11 goblins
  7 hobgoblins
  6 jackals (D:1)
  2 quokkas
  5 ball pythons
  4 bats
  4 frilled lizards
  5 kobolds
  6 rats
69 creatures vanquished.

Notes
Turn   | Place    | Note
-------+----------+-------------------------------------------
     0 | D:1      | NotreDorf the Merfolk Reaver began the quest for the Orb.
     0 | D:1      | Reached XP level 1. HP: 16/16 MP: 3/3
     1 | D:1      | Noticed an electric eel
   257 | D:1      | Reached XP level 2. HP: 21/23 MP: 5/5
   456 | D:1      | Reached XP level 3. HP: 21/28 MP: 6/6
  1176 | D:2      | Reached XP level 4. HP: 34/34 MP: 7/7
  1201 | D:2      | Learned a level 2 spell: Momentum Strike
  2216 | D:3      | Found a shimmering blue altar of Sif Muna.
  2224 | D:3      | Became a worshipper of Sif Muna the Loreminder
  2365 | D:3      | Found a stormy altar of Qazlal.
  2487 | D:3      | Identified the +10 quarterstaff of the Land of Plenty
                  | {chaos, rN+ Str-4 Dex+2}
  2548 | D:3      | Found a runed translucent door.
  2549 | D:3      | Noticed Crazy Yiuf
  2839 | D:4      | Noticed an ogre
  2853 | D:4      | Killed an ogre
  2854 | D:4      | Reached skill level 5 in Polearms
  2854 | D:4      | Reached XP level 5. HP: 3/41 MP: 6/9
  2858 | D:4      | Learned a level 3 spell: Hailstorm
  2998 | D:4      | Noticed Edmund
  3016 | D:4      | HP: 2/41 [Edmund/+0 flail of protection (11)]
  3017 | D:4      | Slain by Edmund

Illustrated notes

Levels and vault maps discovered:
D:1:      arrival_aquarium_a, layout_basic, minmay_misc_feat_four_crosses,
          corexii_leaking_fountain
D:2:      layout_basic
D:3:      layout_loops_corners, nicolae_overflow_crystal_walls,
          nicolae_qazlal_eye_of_the_storm, minmay_misc_feat_rugged,
          nicolae_kite_square_tiling_tiny, uniq_crazy_yiuf_cottage
D:4:      layout_loops_ring, mainiacjoe_overflow_tiny_flanked,
          nemelex_xobeh_ov_fountains_minmay, serial_glass, glass_columns_a,
          glass_columns_a, item_on_display_a, feat_on_display,
          item_on_display_a, minmay_strange_pillars, uniq_robin, uniq_natasha,
          uniq_edmund

Skill      XL: |  1  2  3  4 |
---------------+-------------+-----
Dodging        | 3 4 |  4.1
Fighting       | 3 |  3.4
Polearms       | 5 |  5.1
Conjurations   | 3 |  3.1
Spellcasting   | |  2.8

Action                     |  1- 3 |  4- 6 || total
---------------------------+-------+-------++-------
  Melee: Spear             |   135 |   143 ||   278
         Punch             |     1 |       ||     1
   Cast: Momentum Strike   |       |     2 ||     2
 Armour: Leather armour    |    18 |    12 ||    30
  Dodge: Dodged            |    63 |    49 ||   112

Table legend: (Time is in decaauts)
 A = Elapsed time spent in this place.
 B = Non-inter-level travel time spent in this place.
 C = Inter-level travel time spent in this place.
 D = Time resting spent in this place.
 E = Time spent auto-exploring this place.
 F = Levels seen in this place.
 G = Mean time per level.
                   A        B        C        D        E       F      G
               +--------+--------+--------+--------+--------+-----+--------+
         Total |   2982 |   2858 |    124 |      0 |   2383 |   4 |  745.5 |
       Dungeon |   2982 |   2858 |    124 |      0 |   2383 |   4 |  745.5 |
               +--------+--------+--------+--------+--------+-----+--------+

Top non-repeatable levels by time:
     D:3: 1280 daAuts
     D:1: 952 daAuts
     D:2: 554 daAuts
     D:4: 194 daAuts
